 Dungeon Crawl Stone Soup version 0.31-a0-765-g67fe2935dc (webtiles) character file.

Game seed: 465710962913542391

29 cforsyth the Sneak (level 3, 0/45 HPs)
             Began as a Djinni Delver on Sept 15, 2023.
             Slain by a lemure (2 damage)
             ... led by Pikel
             ... on level 5 of the Dungeon.
             The game lasted 00:00:34 (187 turns).

cforsyth the Sneak (Djinni Delver)                   Turns: 187, Time: 00:00:35

Health: 0/45       AC:  3    Str: 11    XL:     3   Next: 32%
Gold:   3          EV: 12    Int: 13    God:
                   SH:  0    Dex: 14

rFire   + + .        a - +0 falchion
rCold   x . .        (no shield)
rNeg    . . .        b - +0 leather armour
rPois   ∞            (no helmet)
rElec   .            (no cloak)
rCorr   .            (no gloves)
SInv    .            (boots unavailable)
Will    .....        (no amulet) Stlth
                     (no ring)
HPRegen 0.27/turn    (no ring)
MPRegen 0.00/turn

%: infuse magic (-1 HP)
@: berserking, flying, very quick
A: sickness immunity, fire resistance 2, cold vulnerability 1, float, innate
caster, HP casting, extra vitality 1
a: no special abilities


You were on level 5 of the Dungeon.
You visited 1 branch of the dungeon, and saw 1 of its levels.

You collected 3 gold pieces.

Inventory:

Hand Weapons
 a - a +0 falchion (weapon)
Armour
 b - a +0 leather armour (worn)
Wands
 g - a wand of digging (3)
 i - a wand of flame (19)
Scrolls
 c - a scroll of fog
 d - a scroll of revelation
Potions
 f - a potion of haste


   Skills:
 + Level 3.6 Fighting
 - Level 1.7 Long Blades
 - Level 2.1 Dodging
 - Level 4.1 Stealth
 + Level 1.2 Spellcasting
 + Level 1.2 Conjurations
 + Level 1.2 Hexes
   Level 0.0 Charms
 + Level 1.2 Summonings
 + Level 1.2 Necromancy
 + Level 1.2 Translocations
 + Level 1.2 Transmutations
 + Level 1.2 Fire Magic
 + Level 1.2 Ice Magic
 + Level 1.2 Air Magic
 + Level 1.2 Earth Magic
 + Level 1.2 Poison Magic


You knew the following spells:

 Your Spells              Type           Power      Damage    Failure   Level
a - Kiss of Death         Conj/Necr      12%        2d6       22%         1
Your spell library was empty.

Dungeon Overview and Level Annotations

Branches:
Dungeon (5/15)
 Temple: D:4-7

Altars:


Innate Abilities, Weirdness & Mutations

You are immune to sickness and miasma.
You are immune to poison.
Your flesh is very heat resistant. (rF++)
You are vulnerable to cold. (rC-)
You float through the air rather than walking.
You learn spells naturally, not from books.
Your magical power is your life essence.
You have superior vitality. (+4 MHP)


Message History

You barely miss the lemure. The lemure misses you.
You closely miss the lemure. The lemure closely misses you.
You hit the lemure but do no damage. The lemure closely misses you.
The lemure hits you!
You hit the lemure.
The lemure is lightly wounded.
The lemure hits you.
You barely miss the lemure.
The lemure is lightly wounded.
The lemure hits you.
* * * LOW HITPOINT WARNING * * *
Okay, then.
As you read the scroll of fear, it crumbles to dust.
You assume a fearsome visage.
The lemure looks frightened!
The lemure seems to regain its courage.
The lemure hits you!
* * * LOW HITPOINT WARNING * * *
It was a potion of berserk rage.
A red film seems to cover your vision as you go berserk!
You feel yourself moving faster!
You feel mighty! The lemure hits you.
* * * LOW HITPOINT WARNING * * *
You hit the lemure.
The lemure is lightly wounded.
The lemure closely misses you.
You closely miss the lemure.
The lemure is lightly wounded.
The lemure hits you.
* * * LOW HITPOINT WARNING * * *
You slash the lemure!
The lemure is heavily wounded.
You barely miss the lemure.
The lemure is heavily wounded.
The lemure barely misses you.
You hit the lemure.
The lemure is heavily wounded.
The lemure hits you but does no damage.
You barely miss the lemure.
The lemure is heavily wounded.
The lemure hits you.
You die...

#.#..........
#.#..........
#............
##...........
#........... ##..........
#######..........
#........>.......
#.......5@.......
#..........######
#..........#
########..........#
#.................#######
#.......................#
#........#######........#
#........# #.)......#
#........# #........#


You could see a lemure.

Vanquished Creatures
  A hound (D:5)
1 creature vanquished.

Notes
Turn   | Place    | Note
-------+----------+-------------------------------------------
     0 | D:5      | cforsyth the Djinni Delver began the quest for the Orb.
     0 | D:5      | Reached XP level 1. HP: 20/20 MP: 0/0
     2 | D:5      | Noticed a hound
    19 | D:5      | Killed a hound
    20 | D:5      | Reached skill level 1 in Spellcasting
    20 | D:5      | Reached skill level 1 in Conjurations
    20 | D:5      | Reached skill level 1 in Hexes
    20 | D:5      | Reached skill level 1 in Summonings
    20 | D:5      | Reached skill level 1 in Necromancy
    20 | D:5      | Reached skill level 1 in Translocations
    20 | D:5      | Reached skill level 1 in Transmutations
    20 | D:5      | Reached skill level 1 in Fire Magic
    20 | D:5      | Reached skill level 1 in Ice Magic
    20 | D:5      | Reached skill level 1 in Air Magic
    20 | D:5      | Reached skill level 1 in Earth Magic
    20 | D:5      | Reached skill level 1 in Poison Magic
    20 | D:5      | Reached XP level 2. HP: 10/25 MP: 0/0
    20 | D:5      | Reached XP level 3. HP: 12/30 MP: 0/0
    20 | D:5      | Learned a level 1 spell: Kiss of Death
   124 | D:5      | Noticed a lemure
   124 | D:5      | Noticed a lemure
   183 | D:5      | HP: 2/45 [lemure[Pikel] (3)]
   187 | D:5      | Slain by a lemure

Illustrated notes

Levels and vault maps discovered:
D:5:      layout_basic, bloody_makhleb, uniq_pikel

Skill      XL: |  1 |
---------------+----+-----
Spellcasting   | 1 |  1.2
Conjurations   | 1 |  1.2
Hexes          | 1 |  1.2
Summonings     | 1 |  1.2
Necromancy     | 1 |  1.2
Translocations | 1 |  1.2
Transmutations | 1 |  1.2
Fire Magic     | 1 |  1.2
Ice Magic      | 1 |  1.2
Air Magic      | 1 |  1.2
Earth Magic    | 1 |  1.2
Poison Magic   | 1 |  1.2
Fighting       | |  3.6
Long Blades    | |  1.7
Dodging        | |  2.1
Stealth        | |  4.1

Action                     || total
---------------------------++-------
  Melee: Falchion          ||    31
    Use: Scroll            ||     1
         Potion            ||     1
 Armour: Leather armour    ||    19
  Dodge: Dodged            ||    26

Table legend: (Time is in decaauts)
 A = Elapsed time spent in this place.
 B = Non-inter-level travel time spent in this place.
 C = Inter-level travel time spent in this place.
 D = Time resting spent in this place.
 E = Time spent auto-exploring this place.
 F = Levels seen in this place.
 G = Mean time per level.
                   A        B        C        D        E       F      G
               +--------+--------+--------+--------+--------+-----+--------+
         Total |    191 |    191 |      0 |      0 |    103 |   1 |  191.0 |
       Dungeon |    191 |    191 |      0 |      0 |    103 |   1 |  191.0 |
               +--------+--------+--------+--------+--------+-----+--------+

Top non-repeatable levels by time:
     D:5: 191 daAuts
